 Dungeon Crawl Stone Soup version 0.32-a0-699-g1ee5eff69a (webtiles) character file.

Game seed: 1728056486274836742

23228 Aldia the Dealer of Despair (level 12, -8/65 HPs)
             Began as a Felid Summoner on Mar 13, 2024.
             Was an Elder of Kikubaaqudgha.
             Hit by a boomerang thrown by a merfolk (19 damage)
             ... on level 2 of the Lair of Beasts.
             The game lasted 00:55:12 (16171 turns).

Aldia the Dealer of Despair (Felid Summoner)       Turns: 16171, Time: 00:55:13

Health: -8/65      AC:  3    Str:  4    XL:     12   Next: 70%
Magic:  24/27      EV: 22    Int: 31    God:    Kikubaaqudgha [****..]
Gold:   763        SH:  0    Dex: 16    Spells: 5/31 levels left
                                        Lives:  0   Deaths: 4

rFire   . . .        (weapon unavailable)
rCold   + . .        (shield unavailable)
rNeg    . . .        (body armour unavailable)
rPois   .            (helmet unavailable)
rElec   .            (cloak unavailable)
rCorr   .            (gloves unavailable)
SInv    +            (boots unavailable)
Will    +....        (no amulet)
Stlth   +++          c - ring of wizardry
HPRegen 0.30/turn    h - +6 ring of intelligence
MPRegen 0.20/turn

%: wizardry (x1)
@: beast-form, inugami summoned
A: beast (slay +0), very small, claws 1, fangs 3, see invisible, shaggy fur 3,
stealthy paws, no weapons or thrown items, no armour, multi-lived
a: Begin Untransformation, Renounce Religion, Unearth Wretches


You were on level 2 of the Lair of Beasts.
You worshipped Kikubaaqudgha.
Kikubaaqudgha was greatly pleased with you.
You were a hulking beast.
You visited 3 branches of the dungeon, and saw 14 of its levels.

You collected 763 gold pieces.

Inventory:

Jewellery
 c - a ring of wizardry (left paw)
 h - a +6 ring of intelligence (right paw)
 F - a ring of willpower
Talismans
 z - a beast talisman (active)
 C - a serpent talisman
Wands
 g - a wand of light (3)
 x - a wand of charming (4)
 y - a wand of flame (25)
 B - a wand of roots (1)
Scrolls
 a - a scroll of fear
 b - 3 scrolls of teleportation
 d - a scroll of blinking
 e - 3 scrolls of noise
 f - 4 scrolls of poison
 k - 3 scrolls of immolation
 m - 4 scrolls of silence
 q - a scroll of butterflies
 s - a scroll of vulnerability
 v - a scroll of revelation {unknown}
 A - a scroll of torment
Potions
 i - 2 potions of invisibility
 j - a potion of attraction
 l - a potion of might
 n - 3 potions of ambrosia
 o - 2 potions of brilliance
 r - 4 potions of haste
 t - 2 potions of heal wounds
 u - 2 potions of enlightenment
 w - 2 potions of curing
 E - a potion of resistance


   Skills:
 + Level 8.5 Fighting
 - Level 10.0 Dodging
 - Level 3.6 Stealth
 + Level 10.0 Spellcasting
 - Level 5.0 Hexes
 - Level 8.0 Summonings
 + Level 10.6 Necromancy
 - Level 5.0 Fire Magic
 - Level 4.0 Air Magic
 + Level 2.2 Evocations


You had 5 spell levels left.
You knew the following spells:

 Your Spells              Type           Power      Damage    Failure   Level
a - Summon Small Mammal   Summ           100%       N/A       1%          1
c - Call Canine Familiar  Summ           60%        N/A       1%          3
d - Summon Blazeheart Go  Fire/Summ      54%        N/A       1%          4
e - Summon Lightning Spi  Summ/Air       51%        N/A       1%          4
f - Animate Dead          Necr           69%        N/A       1%          4
g - Death Channel         Necr           34%        N/A       2%          6
h - Anguish               Hex/Necr       29%        N/A       1%          4

Your spell library contained the following spells:

 Spells                   Type           Power      Damage    Failure   Level
 Kiss of Death            Conj/Necr      100%       2d13      1%          1
 Sandblast                Erth           30%        2d9       1%          1
 Shock                    Conj/Air       100%       1d9       1%          1
 Call Imp                 Summ           100%       N/A       1%          2
 Cigotuvi's Dreadful Rot  Necr/Alch/Air  90%        N/A       1%          2
 Sublimation of Blood     Necr           69%        N/A       1%          2
 Swiftness                Air            40%        N/A       1%          3
 Vampiric Draining        Necr           69%        2d10      1%          3
 Volatile Blastmotes      Fire/Tloc      62%        2d15      1%          3
 Cause Fear               Hex            23%        N/A       1%          4
 Martyr's Knell           Necr/Summ      65%        N/A       1%          4
 Curse of Agony           Necr           69%        N/A       1%          5
 Airstrike                Air            20%        2d(3-19)  2%          4
 Stone Arrow              Conj/Erth      30%        3d8       4%          3
 Ignite Poison            Fire/Alch      31%        N/A       4%          4
 Borgnjor's Vile Clutch   Necr/Erth      24%        N/A       4%          5
 Brom's Barrelling Bould  Conj/Erth      15%        2d4       13%         4
 Fulminant Prism          Conj/Alch      7%         3d6       13%         4
 Iskenderun's Mystic Bla  Conj/Tloc      15%        2d5       13%         4
 Petrify                  Alch/Erth      15%        N/A       13%         4
 Freezing Cloud           Conj/Ice/Air   11%        6-21      21%         5
 Irradiate                Conj/Alch      7%         3d14      32%         5
 Enfeeble                 Hex            23%        N/A       77%         7


Dungeon Overview and Level Annotations

Branches:
Dungeon (11/15)            Temple (1/1) D:6            Lair (2/5) D:10
 Shoals (0/4) Lair:2          Orc (0/2) D:9
  Snake: Lair:2-3    Spider: Lair:2-3

Altars:
Ashenzari
Cheibriados
Dithmenos
Elyvilon
Fedhas
Gozag
Hepliaklqana
Kikubaaqudgha
Makhleb
Nemelex Xobeh
Okawaru
Qazlal
Ru
Sif Muna
Trog
Uskayaw
Vehumet
Wu Jian
Xom
Yredelemnul
Zin
The Shining One

Shops:
D:1 (   D:7 *

Annotations:
D:2 1 runed translucent door, Crazy Yiuf
D:4 exclusion: 2 doors
D:5 1 runed translucent door, Zeldest's ghost, novice CoMo
D:7 3 runed translucent doors, jestert79's ghost, novice BaSu
D:9 exclusion: door
D:10 Nergalle
D:11 6 transporters
Temple 2 transporters
Lair:2 1 runed translucent door, Malificent's ghost, journeyman DrSh


Innate Abilities, Weirdness & Mutations

You are a hulking beast.
Your limbs bulge with bestial killing power. (Slay +0)
You have sharp claws.
You have razor-sharp teeth.
You have supernaturally acute eyesight. (SInv)
Your thick and shaggy fur keeps you warm. (AC +3, rC+)
Your paws help you pounce on unaware monsters.
You are incapable of wielding weapons or throwing items.
You cannot wear armour.
You gain extra lives every three experience levels.


Message History

Anything else - Cancel.
Gang up on whom?
Press: ? - help, Dir - move target, f - merfolk
Aim: a merfolk, wielding a +0 trident, wearing a +0 scale mail and quivering boomerangs Attack!
The merfolk hits you from afar with a +0 trident!
* * * LOW HITPOINT WARNING * * *
Your blazeheart golem punches the merfolk!
Unknown command.
The merfolk throws a boomerang.
The boomerang hits your blazeheart golem!!
Your blazeheart golem disappears in a puff of smoke!
Aiming: Fastroot
Press: ? - help, Shift-Dir - straight line, f/p - merfolk
Aim: a merfolk, wielding a +0 trident, wearing a +0 scale mail and quivering boomerangs (lightly wounded)
The roots erupt in riotous growth!
Roots grab the merfolk.
The grasping roots constrict the merfolk!
The merfolk throws a boomerang.
The boomerang hits you.
* * * LOW HITPOINT WARNING * * *
Unknown command.
Unknown command.
The grasping roots constrict the merfolk!
The merfolk throws a boomerang.
The boomerang misses you.
The grasping roots constrict the merfolk, but do no damage.
The merfolk throws a boomerang.
The boomerang misses you.
The grasping roots constrict the merfolk.
The merfolk struggles to escape constriction.
Okay, then.
Casting: Summon Blazeheart Golem (dangerous; 1% risk of failure)
Confirm with . or Enter, or press ? or * to list all spells.
You call for your canine familiar and it appears with a howl!
The grasping roots constrict the merfolk!
You grasping roots sink back into the ground.
Unknown command.
The merfolk throws a boomerang.
The boomerang closely misses your inugami.
The boomerang hits you!!
You die...
Kikubaaqudgha rasps: You have failed me!
Welcome... death!

......................P....P..#
####.##..#...##..............####
# #.######...#..............#.##
# ##.#.####).##......P...........
#..........#......P.......#####
####..##...............##.### #
#.####..............#....# ###
##.....รท.......##.###
#>...h.....#####.## #.....)...##
#...# #........## #..##
#....h....#####..##
#.#...##.#.##Z....##
#....m.####..Z...#Z# ###...##
#..##.)### ##..## #.###### #
#P...# #.## ##


You could see a merfolk (ally target) and a friendly inugami (summoned).

Vanquished Creatures
  2 hydras (Lair:2)
  2 two-headed ogres
  A deep elf pyromancer (D:11)
  An ugly thing (D:11)
  A manticore (D:11)
  A black mamba (Lair:1)
  A gargoyle (D:11)
  3 cane toads (Lair:1)
  3 komodo dragons
  Maggie (D:7)
  A blink frog (Lair:2)
  A wraith (D:11)
  10 yaks
  2 vampires
  A basilisk (D:11)
  3 vampire mosquitoes (D:10)
  2 orc warriors
  A black bear (D:6)
  An ogre (D:7)
  5 wolves
  A kobold brigand (D:9)
  2 bullfrogs
  3 wights
  2 wolf zombies (D:10)
  2 yak zombies
  2 electric eels (D:10)
  A bombardier beetle (D:6)
  A gnoll bouda (D:6)
  A hound (D:6)
  An orc wizard (D:9)
  A gnoll (D:4)
  An adder (D:5)
  A shadow imp (D:5)
  An orc zombie (D:9)
  3 orcs
  An endoplasm (D:3)
  A giant cockroach (D:1)
  A goblin (D:2)
  2 hobgoblins (D:4)
  A quokka (D:2)
  5 bats
  3 frilled lizards
  A kobold skeleton (D:8)
  4 kobold zombies (D:9)
  4 rats
89 creatures vanquished.

Vanquished Creatures (collateral kills)
  A lindwurm (Lair:1)
  Maurice (D:10)
  2 cane toads
  2 komodo dragons (Lair:2)
  Jeremiah (D:9)
  An unseen horror (D:11)
  2 merfolk (Lair:2)
  A polar bear (Lair:2)
  A troll (D:10)
  5 blink frogs (Lair:2)
  A shadow (D:11)
  20 yaks
  Eustachio (D:5)
  A wyvern (Lair:2)
  3 steam dragons
  A vampire mosquito (D:10)
  An acid dragon (D:9)
  4 water moccasins
  4 orc warriors
  2 black bears
  An ogre (D:5)
  10 wolves
  2 centaurs
  A phantom (D:6)
  Blork the orc (D:5)
  6 bullfrogs
  A gnoll sergeant (D:5)
  10 wights
  3 scorpions
  7 killer bees
  An electric eel (D:10)
  2 howler monkeys (D:9)
  A crimson imp (D:3)
  4 hounds
  4 jellies
  8 orc priests
  Natasha (twice) (D:2)
  2 iguanas
  4 sleepcaps
  4 orc wizards
  A hound zombie (D:10)
  Robin (D:2)
  15 gnolls
  8 adders
  2 white imps
  2 ufetubi (D:6)
  2 dart slugs (D:1)
  2 ribbon worms
  28 orcs
  A ball python (D:1)
  2 endoplasms
  A giant cockroach (D:2)
  9 goblins
  8 hobgoblins
  A quokka (D:2)
  A frilled lizard (D:1)
  A goblin skeleton (D:8)
  2 hobgoblin zombies (D:8)
  12 kobolds
  2 kobold skeletons (D:8)
  2 kobold zombies (D:8)
  An orc skeleton (D:8)
  2 orc zombies
  3 rats
  2 butterflies (Lair:2)
240 creatures vanquished.

Vanquished Creatures (others)
  A black bear (Lair:2)
  A blink frog zombie (Lair:2)
  3 wolves (Lair:2)
  A komodo dragon zombie (D:10)
  A troll zombie (D:10)
  13 yak zombies
  A wolf zombie (D:10)
  2 bullfrog zombies
  2 killer bee zombies (D:8)
  A kobold zombie (D:9)
  A hound zombie (D:10)
  10 orc zombies
  49 blazeheart cores
86 creatures vanquished.

Grand Total: 415 creatures vanquished

Notes
Turn   | Place    | Note
-------+----------+-------------------------------------------
     0 | D:1      | Aldia the Felid Summoner began the quest for the Orb.
     0 | D:1      | Reached XP level 1. HP: 9/9 MP: 4/4
   184 | D:1      | Found Bomupla's Weapon Shop.
   231 | D:1      | Reached XP level 2. HP: 13/13 MP: 3/6
   387 | D:1      | Learned a level 2 spell: Call Imp
   830 | D:2      | Noticed Robin
  1040 | D:2      | Reached XP level 3. HP: 16/16 MP: 1/8
  1044 | D:2      | Learned a level 3 spell: Call Canine Familiar
  1384 | D:2      | Reached XP level 4. HP: 21/21 MP: 4/9
  1384 | D:2      | Gained a life (2 lives remaining)
  1561 | D:2      | Reached skill level 5 in Summonings
  1563 | D:2      | Killed Robin
  1598 | D:2      | Noticed Natasha
  1603 | D:2      | Killed from afar by Natasha
  1603 | D:2      | Lost a life (1 life remaining)
  1603 | D:2      | Killed Natasha
  1784 | D:2      | Found a runed translucent door.
  1785 | D:2      | Noticed Crazy Yiuf
  1974 | D:2      | Noticed an eye of devastation
  1976 | D:2      | Found a faded altar of an unknown god.
  1977 | D:2      | Noticed a glass eye
  1977 | D:2      | Noticed an eye of devastation
  1977 | D:2      | Noticed a great orb of eyes
  2110 | D:2      | Reached XP level 5. HP: 21/24 MP: 11/11
  2115 | D:2      | Learned a level 4 spell: Summon Blazeheart Golem
  2163 | D:2      | Noticed Natasha
  2176 | D:2      | Killed Natasha
  2478 | D:3      | Found a broken altar of Ashenzari.
  2496 | D:3      | Reached skill level 1 in Fire Magic
  2837 | D:3      | Found a burning altar of Makhleb.
  2845 | D:3      | Found a radiant altar of Vehumet.
  3513 | D:4      | Gained mutation: You are covered in thick fur. (AC +2)
                  | [Felid growth]
  3513 | D:4      | Reached XP level 6. HP: 28/28 MP: 13/13
  3670 | D:4      | Found a shimmering altar of Xom.
  4422 | D:5      | Entered Level 5 of the Dungeon
  4434 | D:5      | Noticed a water moccasin
  4435 | D:5      | Noticed Blork the orc
  4455 | D:5      | Killed a water moccasin
  4456 | D:5      | Reached XP level 7. HP: 13/32 MP: 5/14
  4456 | D:5      | Gained a life (2 lives remaining)
  4457 | D:5      | Killed Blork the orc
  4531 | D:5      | Learned a level 4 spell: Summon Lightning Spire
  4770 | D:5      | Reached skill level 5 in Spellcasting
  4958 | D:5      | Noticed Eustachio
  4979 | D:5      | Killed Eustachio
  4980 | D:5      | Reached skill level 5 in Fire Magic
  4980 | D:5      | Reached XP level 8. HP: 13/36 MP: 3/16
  5212 | D:5      | Found an ancient bone altar of Kikubaaqudgha.
  5223 | D:5      | Reached skill level 1 in Air Magic
  5239 | D:5      | Became a worshipper of Kikubaaqudgha
  5270 | D:5      | Found a runed translucent door.
  5286 | D:5      | Noticed Zeldest's ghost (novice CoMo)
  5508 | D:6      | Reached skill level 1 in Fighting
  6118 | D:6      | Identified the +0 ring mail "Tume Sask" {rPois rF++ Will-
                  | Str+2}
  6357 | D:6      | Found a staircase to the Ecumenical Temple.
  6376 | Temple   | Found a transporter.
  6376 | Temple   | Found a transporter.
  6376 | Temple   | Found a transporter.
  6376 | Temple   | Found a transporter.
  6376 | Temple   | Entered the Ecumenical Temple
  6462 | D:6      | Found an opulent altar of Gozag.
  6467 | D:6      | Reached XP level 9. HP: 43/43 MP: 13/18
  6802 | D:6      | Reached * piety under Kikubaaqudgha
  6802 | D:6      | Received a gift from Kikubaaqudgha
  6811 | D:6      | Learned a level 4 spell: Animate Dead
  6990 | D:7      | Reached skill level 1 in Necromancy
  7139 | D:7      | Noticed Maggie
  7151 | D:7      | Killed Maggie
  7152 | D:7      | Reached skill level 5 in Dodging
  7305 | D:7      | Found Ydiugrin's Elemental Accessories.
  7338 | D:7      | Found a runed translucent gate.
  7339 | D:7      | Found a runed translucent gate.
  7339 | D:7      | Found an opulent altar of Gozag.
  7340 | D:7      | Found a runed translucent gate.
  7341 | D:7      | Noticed jestert79's ghost (novice BaSu)
  7734 | D:7      | Found a bloodstained altar of Trog.
  8361 | D:8      | Found a glowing golden altar of the Shining One.
  8695 | D:8      | Found a blossoming altar of Fedhas.
  8834 | D:9      | Reached XP level 10. HP: 49/49 MP: 13/21
  8962 | D:9      | Reached skill level 5 in Necromancy
  9078 | D:9      | Found a white marble altar of Elyvilon.
  9143 | D:9      | Noticed Jeremiah
  9161 | D:9      | Killed Jeremiah
  9181 | D:9      | Reached ** piety under Kikubaaqudgha
  9411 | D:9      | Noticed a two-headed ogre
  9440 | D:9      | Killed a two-headed ogre
  9774 | D:9      | Found a staircase to the Orcish Mines.
 10080 | D:9      | Reached skill level 5 in Fighting
 10198 | D:9      | Noticed a centaur warrior
 10272 | D:10     | Entered Level 10 of the Dungeon
 10319 | D:10     | Noticed Nergalle
 10330 | D:10     | Slain by a spectral orc warrior
 10330 | D:10     | Lost a life (1 life remaining)
 10476 | D:10     | Noticed Maurice
 10485 | D:10     | Reached XP level 11. HP: 11/56 MP: 6/23
 10485 | D:10     | Gained a life (2 lives remaining)
 10499 | D:10     | Found a staircase to the Lair.
 10518 | D:10     | Reached *** piety under Kikubaaqudgha
 10518 | D:10     | Received a gift from Kikubaaqudgha
 10518 | D:10     | Maurice stole a beast talisman
 10531 | D:10     | Maurice stole 206 gold
 10536 | D:10     | Killed Maurice
 11400 | D:11     | Found a transporter.
 11401 | D:11     | Found a transporter.
 11828 | D:11     | Noticed a deep elf pyromancer
 11838 | D:11     | Learned a level 6 spell: Death Channel
 11880 | D:11     | Noticed a green ugly thing
 11902 | D:11     | Killed a green ugly thing
 12093 | D:11     | Noticed a two-headed ogre
 12102 | D:11     | Killed a two-headed ogre
 12325 | D:11     | Found a transporter.
 12328 | D:11     | Found a transporter.
 12532 | D:11     | Found a transporter.
 12627 | D:10     | Found a sparkling altar of Nemelex Xobeh.
 13072 | D:11     | Found a transporter.
 13136 | D:11     | Killed a deep elf pyromancer
 13234 | Lair:1   | Entered Level 1 of the Lair of Beasts
 13243 | Lair:1   | Reached skill level 10 in Dodging
 13344 | Lair:1   | Learned a level 4 spell: Anguish
 13430 | Lair:1   | Reached skill level 1 in Hexes
 13444 | Lair:1   | Gained mutation: Your thick and shaggy fur keeps you warm.
                  | (AC +3, rC+) [Felid growth]
 13444 | Lair:1   | Reached XP level 12. HP: 37/63 MP: 5/26
 14512 | Lair:2   | Reached skill level 10 in Necromancy
 14638 | Lair:2   | Found a staircase to the Shoals.
 14649 | Lair:2   | Reached **** piety under Kikubaaqudgha
 14654 | Lair:2   | Slain by a merfolk
 14654 | Lair:2   | Lost a life (1 life remaining)
 15054 | Lair:2   | Slain by a merfolk
 15054 | Lair:2   | Lost a life (0 lives remaining)
 15084 | Lair:2   | Reached skill level 5 in Hexes
 15100 | Lair:2   | Found a runed translucent door.
 15100 | Lair:2   | Noticed Malificent's ghost (journeyman DrSh)
 15750 | Lair:2   | Reached skill level 1 in Evocations
 15779 | Lair:2   | Noticed a six-headed hydra
 15786 | Lair:2   | Killed a six-headed hydra
 15833 | Lair:2   | Noticed a six-headed hydra
 15972 | Lair:2   | Killed a six-headed hydra
 15973 | Lair:2   | Reached skill level 10 in Spellcasting
 16171 | Lair:2   | Hit by a boomerang thrown by a merfolk

Illustrated notes

Levels and vault maps discovered:
D:1:      eino_arrival_water_star, layout_loops_ring, serial_shops, shop
D:2:      layout_basic, hellmonk_ecumenical_altar_watching_god,
          nicolae_eternal_life, nicolae_concentric_dashed_squares_mild,
          minmay_misc_feat_iff, minmay_fractal_squares_gapless_5,
          uniq_crazy_yiuf_cottage, uniq_robin, uniq_natasha
D:3:      layout_basic, grunt_temple_overflow_lords_of_destruction,
          mainiacjoe_overflow_concentric_impassable, grunt_decor_mini_mirrors
D:4:      layout_basic, led_xom_imps
D:5:      layout_cave_pools, kennysheep_little_box, ebering_ghost_sewer_d,
          uniq_blork_the_orc, uniq_eustachio
D:6:      minmay_skewed_foursquare, layout_basic, lemuel_crystal_altar,
          minmay_temple_entry_hall
D:7:      layout_loops_cross, nicolae_overflow_crystal_walls,
          ebering_ghost_gozag, nicolae_elemental_shop, uniq_maggie
D:8:      layout_rooms, nicolae_tso_besieged_by_evil, general_overflow_altar
D:9:      minmay_the_grid_triangle_9x9_rhombus_full
          [minmay_the_grid_triangle_9x9_steps,
          minmay_the_grid_triangle_9x9_sprig,
          minmay_the_grid_triangle_9x9_shrine,
          minmay_the_grid_triangle_9x9_warning,
          minmay_the_grid_triangle_9x9_flanged_cone,
          minmay_the_grid_triangle_9x9_swiss_cheese,
          minmay_the_grid_triangle_9x9_longest,
          minmay_the_grid_triangle_9x9_prize_schism], layout_irregular_city,
          mainiacjoe_overflow_surrounded_room, david_orc_4, minivault_23,
          uniq_jeremiah
D:10:     layout_stronghold, mainiacjoe_overflow_alcove_1, erik_lair_island,
          amcnicky_mini_pool_small, uniq_maurice, uniq_nergalle
D:11:     layout_loops_ring, serial_nicolae_subway, nicolae_sub_station_crystal,
          nicolae_sub_station_metal, nicolae_sub_station_stone
Temple:   hellmonk_temple_divided_pantheon
Lair:1:   layout_chaotic_city, nicolae_lair_lindhole
Lair:2:   layout_loops_ring, elwin_shoals_entry_stream, gammafunk_ghost_grave,
          grunt_forest_large_clearings, lemuel_fruit_fields,
          infiniplex_staircase_pool

Skill      XL: |  1  2  3  4  5  6  7  8  9 10 11 12 |
---------------+-------------------------------------+-----
Spellcasting   | 3 4 5 6 7 9 10 | 10.0
Summonings     | 5 6 7 8 |  8.0
Fire Magic     | 2 3 5 |  5.0
Stealth        | 3 |  3.6
Air Magic      | 3 4 |  4.0
Fighting       | 2 3 5 7 8 |  8.5
Dodging        | 4 6 8 10 | 10.0
Necromancy     | 4 7 9 10 | 10.6
Hexes          | 1 5 |  5.0
Evocations     | 2 |  2.2

Action                     |  1- 3 |  4- 6 |  7- 9 | 10-12 || total
---------------------------+-------+-------+-------+-------++-------
  Melee: Unarmed           |    28 |    54 |    29 |    73 ||   184
         Bite              |     2 |     5 |     3 |    16 ||    26
         Punch             |     1 |       |       |     1 ||     2
   Cast: Summon Small Mamm |    33 |       |       |       ||    33
         Call Imp          |     6 |     7 |     2 |     3 ||    18
         Call Canine Famil |     2 |    18 |    25 |    46 ||    91
         Summon Blazeheart |       |     6 |    26 |    47 ||    79
         Summon Lightning  |       |       |     8 |    20 ||    28
         Animate Dead      |       |       |     3 |    12 ||    15
         Death Channel     |       |       |       |     7 ||     7
         Anguish           |       |       |       |     3 ||     3
  Evoke: Wand              |       |       |     2 |    20 ||    22
    Use: Scroll            |       |     8 |     6 |    10 ||    24
         Potion            |       |     2 |     1 |     4 ||     7
   Stab: Sleeping          |       |     4 |       |       ||     4
         Distracted        |       |       |       |     3 ||     3
 Armour: Skin              |    13 |    33 |    43 |   115 ||   204
  Dodge: Dodged            |    41 |    66 |    75 |   230 ||   412
   Form: Beast             |       |       |       |     1 ||     1

Table legend: (Time is in decaauts)
 A = Elapsed time spent in this place.
 B = Non-inter-level travel time spent in this place.
 C = Inter-level travel time spent in this place.
 D = Time resting spent in this place.
 E = Time spent auto-exploring this place.
 F = Levels seen in this place.
 G = Mean time per level.
                   A        B        C        D        E       F      G
               +--------+--------+--------+--------+--------+-----+--------+
         Total |  16180 |  15538 |    642 |    977 |  11139 |  14 | 1155.7 |
       Dungeon |  13239 |  12654 |    585 |    730 |   9212 |  11 | 1203.5 |
        Temple |      1 |      1 |      0 |      0 |      0 |   1 |    1.0 |
          Lair |   2939 |   2882 |     57 |    247 |   1926 |   2 | 1469.5 |
               +--------+--------+--------+--------+--------+-----+--------+

Top non-repeatable levels by time:
    D:10: 1701 daAuts
     D:6: 1559 daAuts
  Lair:2: 1509 daAuts
  Lair:1: 1429 daAuts
     D:2: 1428 daAuts
     D:9: 1420 daAuts
    D:11: 1262 daAuts
     D:3: 1080 daAuts
     D:7: 1053 daAuts
     D:4: 1002 daAuts
     D:8: 939 daAuts
     D:1: 912 daAuts
     D:5: 880 daAuts
  Temple: 1 daAuts
